 Dungeon Crawl Stone Soup version 0.30-a0-857-gcaf70739d4 (console) character file.

Game seed: 8963273797408068063

287293 jejorda2 the Phalangite (level 20, 0/258 HPs)
             Began as a Merfolk Berserker on Mar 5, 2023.
             Was the Champion of Trog.
             Slain by a fenstrider witch simulacrum (36 damage)
             ... on level 2 of the Abyss on Mar 6, 2023.
             The game lasted 02:04:36 (36063 turns).

jejorda2 the Phalangite (Merfolk Berserker)        Turns: 36063, Time: 02:04:37

Health: 0/258      AC: 37    Str: 27    XL:     20   Next: 66%
Magic:  20/20      EV: 13    Int: 14    God:    Trog [******]
Gold:   1856       SH:  0    Dex: 11    Spells: 19/19 levels left

rFire   + + +      SeeInvis +    a - +10 glaive {holy, rElec Str+3}
rCold   . . .      Faith    .    (shield currently unavailable)
rNeg    . . .      Spirit   .    r - +8 chain mail "Iptyi" {rPois rF+ Slay+4}
rPois   +          Reflect  .    D - +0 helmet
rElec   +          Rampage  +    V - +0 cloak of Asev {Rampage}
rCorr   .                        W - +2 pair of gloves
Will    +....                    J - +0 pair of boots Stlth
                                 c - amulet of Lach {rF+++ Regen+ Int+6 Dex-3 SInv}
HPRegen 1.43/turn                B - +4 ring of protection
MPRegen 0.17/turn                P - +4 ring of protection

@: berserking, glowing, very quick
A: (nimble swimmer 2), mertail
}: 2/15 runes: barnacled, gossamer
a: Renounce Religion, Berserk, Trog's Hand, Brothers in Arms


You were on level 2 of the Abyss.
You worshipped Trog.
Trog was exalted by your worship.
You visited 6 branches of the dungeon, and saw 33 of its levels.
You visited the Abyss 1 time.
You also visited: Ice Cave.

You collected 4024 gold pieces.
You spent 2168 gold pieces at shops.

Inventory:

Hand Weapons
 a - the +10 glaive "Edoetzon" (weapon) {holy, rElec Str+3}
   (You acquired it on level 11 of the Dungeon)

   Str:       It affects your strength (+3).
   rElec:     It insulates you from electricity.
 b - the +6 glaive of the Gloaming {flame, rF+ Dex+3}
   (Trog gifted it to you on level 15 of the Dungeon)

   Dex:       It affects your dexterity (+3).
   rF:        It protects you from fire.
 w - a +1 antimagic bardiche
Missiles
 t - 29 boomerangs (quivered)
 u - 34 poisoned darts
 F - 4 silver boomerangs
 G - 3 throwing nets
 H - 6 curare-tipped darts
 L - 16 javelins
 X - 7 silver javelins
Armour
 r - the +8 chain mail "Iptyi" (worn) {rPois rF+ Slay+4}
   (You bought it in a shop on level 10 of the Dungeon)

   Slay:      It affects your accuracy & damage with ranged weapons and melee
   (+4).
   rF:        It protects you from fire.
   rPois:     It protects you from poison.
 D - a +0 helmet (worn)
 J - a +0 pair of boots (worn)
 V - the +0 cloak of Asev (worn) {Rampage}
   (You bought it in a shop on level 2 of the Orcish Mines)

   Rampage:   It bestows one free step when moving towards enemies.
 W - a +2 pair of gloves (worn)
Jewellery
 c - the amulet of Lach (around neck) {rF+++ Regen+ Int+6 Dex-3 SInv}
   (You found it on level 7 of the Dungeon)

   [amulet of regeneration]

   Int:       It affects your intelligence (+6).
   Dex:       It affects your dexterity (-3).
   rF:        It renders you almost immune to fire.
   SInv:      It lets you see invisible.
   Regen:     It increases your rate of health regeneration.
 q - a ring of flight
 B - a +4 ring of protection (left hand)
 P - a +4 ring of protection (right hand)
Wands
 x - a wand of paralysis (20)
 C - a wand of polymorph (32)
 N - a wand of flame (52)
 O - a wand of light (12)
 S - a wand of iceblast (10)
 T - a wand of mindburst (4)
 U - a wand of digging (5)
Scrolls
 h - a scroll of fear
 k - 2 scrolls of silence
 o - 11 scrolls of teleportation
 s - 6 scrolls of fog
 y - 8 scrolls of blinking
 E - 5 scrolls of magic mapping
 K - a scroll of summoning
 Q - 4 scrolls of immolation
 R - a scroll of poison
Potions
 d - 10 potions of haste
 f - 13 potions of heal wounds
 g - 6 potions of attraction
 i - 4 potions of invisibility
 m - 5 potions of mutation
 n - 4 potions of might
 p - 2 potions of resistance
 v - 8 potions of ambrosia
 z - 2 potions of flight
 A - 2 potions of cancellation
 I - 14 potions of curing
Miscellaneous
 j - a tin of tremorstones (2/2)
 l - a phial of floods
 M - a condenser vane


   Skills:
 * Level 18.6 Fighting
 - Level 24.0 Polearms
 - Level 16.0 Throwing
 + Level 14.7 Armour
 - Level 12.7 Dodging
 - Level 9.0 Evocations


You had 19 spell levels left.
You didn't know any spells.
Your spell library was empty.

Dungeon Overview and Level Annotations

Branches:
Dungeon (15/15)            Temple (0/1) D:5            Lair (5/5) D:9
 Shoals (4/4) Lair:3       Spider (4/4) Lair:3        Slime (0/5) Lair:4
    Orc (2/2) D:11            Elf (3/3) Orc:2        Vaults (0/5) D:14
 Depths (0/4) D:15          IceCv (visited)

Altars:
Ashenzari
Cheibriados
Elyvilon
Nemelex Xobeh
Trog
Uskayaw
Yredelemnul

Shops:
D:9 ?   D:10 [   Orc:2 *!**   Elf:2 !   Elf:3 ?*(=

Annotations:
D:8 1 runed translucent door, avis's ghost, novice DgIE
D:12 3 runed translucent doors, exclusion: orange crystal statue
Elf:3 1 exclusion


Innate Abilities, Weirdness & Mutations

((You are very nimble when in or above water. (Stealth+, EV+, Speed+++)))
Your lower body shifts to a powerful aquatic tail in water.


Message History

The daeva calls down the wrath of the Shining One upon you.
The Shining One smites you!
You slice the daeva!!
The daeva is moderately wounded.
The fenstrider witch simulacrum hits you but does no damage.
The fenstrider witch simulacrum kicks you but does no damage.
The daeva closely misses you.
The daeva hits you with a +2 scimitar of holy wrath!
You slash the daeva!
The daeva is moderately wounded.
The fenstrider witch simulacrum hits you!
The fenstrider witch simulacrum freezes you!!!
The fenstrider witch simulacrum kicks you.
The fenstrider witch simulacrum freezes you!!
You chop the daeva into pieces!!!
The daeva is severely wounded.
The daeva calls down the wrath of the Shining One upon you.
The Shining One smites you!
The fenstrider witch simulacrum hits you but does no damage.
The fenstrider witch simulacrum closely misses you.
The daeva blocks your attack.
The daeva is severely wounded.
A fire bat comes into view.
The daeva hits you but does no damage. The daeva closely misses you.
A red film seems to cover your vision as you go berserk!
You feel yourself moving faster!
You feel mighty!
The fenstrider witch simulacrum hits you but does no damage.
The fenstrider witch simulacrum kicks you but does no damage.
A starcursed mass comes into view.
The daeva hits you but does no damage.
The daeva hits you with a +2 scimitar of holy wrath!
* * * LOW HITPOINT WARNING * * *
The fenstrider witch simulacrum hits you.
* * * LOW HITPOINT WARNING * * *
The fenstrider witch simulacrum freezes you!!!
* * * LOW HITPOINT WARNING * * *
The fenstrider witch simulacrum kicks you.
* * * LOW HITPOINT WARNING * * *
The fenstrider witch simulacrum freezes you!!!
You die...

. .# . .##### ##
.#..#..#. ..###
....#... .##
#...# .#...##.
.. ##.b.#
....... ..
#....#...# § #.
. ##...#A#.# . .
# . . # .
....#.@.# .# # .
#.## # #..#Z#..#
. # . ...
.#..#..#...# ..
# ...
...##.##..##.###
.. .. #. .
###.#. ..#..
..... .# #..#..
#..X . # ...
##..# .# #... .
#.#. ###
.##...#.#.##.#
..#.. †.†.#..#
... #


You could see a starcursed mass, a daeva, a fire bat and a fenstrider witch
simulacrum.

Vanquished Creatures
  Nikola (Shoals:2)
  A bone dragon (Abyss:2)
  Mlioglotl (Spider:3)
  Jorgrun (Orc:1)
  2 krakens
  3 sphinxes
  3 tentacled starspawn (Abyss:2)
  Donald (Shoals:1)
  2 ghost moths
  5 deep elf sorcerers
  Louise (Elf:1)
  2 emperor scorpions (Spider:4)
  A deep elf elementalist (Elf:3)
  2 broodmothers
  A deep elf demonologist (Elf:3)
  2 spark wasps
  2 deep elf annihilators
  A deep elf death mage (Elf:2)
  Snorg (D:10)
  An entropy weaver (shapeshifter) (Elf:1)
  A merfolk javelineer (Shoals:4)
  3 fire dragons
  4 merfolk impalers
  6 entropy weavers
  14 hydras
  6 merfolk avatars
  2 ice dragons (D:15)
  5 radroaches
  2 jorogumos
  2 catoblepae
  6 centaur warriors
  A spriggan skeleton (Abyss:2)
  12 boulder beetles
  An alligator snapping turtle (Shoals:3)
  25 dancing weapons
  7 two-headed ogres
  2 merfolk aquamancers (Shoals:3)
  11 satyrs
  A tengu warrior (D:13)
  5 death yaks
  19 deep elf knights
  4 orc high priests
  7 skysharks
  A wretched star (Abyss:2)
  9 skeletal warriors
  8 pharaoh ants
  2 sun moths
  11 orb spiders
  20 sea snakes
  10 steelbarb worms
  9 orc knights
  2 lindwurms (Lair:5)
  2 wizards (D:14)
  12 deep elf archers
  25 harpies
  32 deep elf zephyrmancers
  17 ugly things
  28 deep elf pyromancers
  20 manticores
  13 fauns
  20 wolf spiders
  6 orc sorcerers
  5 moths of wrath
  16 cyclopes
  Joseph (D:10)
  4 merfolk sirens
  An apocalypse crab (Abyss:2)
  5 water nymphs
  5 black mambas
  11 demonic crawlers
  10 cane toads
  2 ice statues (IceCv)
  A gargoyle (D:12)
  6 torpor snails
  A smoke demon (Abyss:2)
  3 efreet (D:14)
  5 komodo dragons
  7 rime drakes
  A kobold demonologist (D:7)
  2 tengu conjurers
  A freezing wraith (IceCv)
  4 trolls
  2 hellwings (Abyss:2)
  21 merfolk
  A meliai (shapeshifter) (D:15)
  26 tarantellas
  7 meliai
  8 wind drakes
  21 dream sheep
  3 raiju (Abyss:2)
  5 hornets
  14 snapping turtles
  7 blink frogs
  A dream sheep (shapeshifter) (Elf:1)
  23 culicivoras
  A jumping spider (shapeshifter) (Elf:1)
  25 jumping spiders
  2 spriggans (Lair:1)
  A yak (shapeshifter) (D:14)
  5 water elementals
  4 flying skulls (Abyss:2)
  20 slime creatures
  A wyvern (Lair:4)
  4 air elementals
  A vampire (D:11)
  6 basilisks
  2 wraiths
  A ynoxinul (Abyss:2)
  Eustachio (D:4)
  38 yaks
  2 fire elementals (Elf:2)
  A basilisk (shapeshifter) (D:14)
  3 steam dragons
  A death yak simulacrum (IceCv)
  43 redbacks
  3 acid dragons
  7 vampire mosquitoes
  12 water moccasins
  5 hell hounds (Elf:2)
  Duvessa (D:5)
  A floating eye (Elf:1)
  A small abomination (Abyss:2)
  A black bear (Lair:1)
  2 ice beasts (D:7)
  23 orc warriors
  2 sky beasts (D:7)
  4 ogres
  3 boggarts (D:14)
  2 large abominations (Abyss:2)
  7 wolves
  28 centaurs
  3 kobold brigands
  A phantom (D:7)
  2 gnoll sergeants
  2 earth elementals (Elf:1)
  8 bullfrogs
  7 scorpions
  25 wights
  Dowan (D:5)
  13 killer bees
  2 elephant simulacra (IceCv)
  4 electric eels
  3 howler monkeys (D:11)
  12 orc priests
  8 hounds
  4 gnoll boudas
  3 jellies (D:7)
  4 sleepcaps
  5 iguanas
  22 orc wizards
  A wolf simulacrum (IceCv)
  A boggart simulacrum (D:15)
  14 gnolls
  5 adders
  A shadow imp (D:7)
  A white imp (Abyss:2)
  2 ufetubi (D:6)
  A worm (D:4)
  3 dart slugs
  61 orcs
  4 bats
  9 endoplasms
  3 giant cockroaches
  A goblin (D:3)
  7 hobgoblins
  3 quokkas
  5 ball pythons
  5 frilled lizards
  22 kobolds
  3 rats (D:1)
  2 starspawn tentacles (Abyss:2)
  A tentacle (Shoals:1)
1205 creatures vanquished.

Vanquished Creatures (collateral kills)
  2 minotaurs (Shoals:4)
  A hydra (Lair:2)
  2 satyrs (Shoals:4)
  2 manticores (Shoals:4)
  4 fauns (Shoals:4)
  A merfolk (Shoals:4)
  2 blink frogs (Lair:2)
  A wind drake (Shoals:4)
  A basilisk (Lair:2)
  A black bear (D:6)
17 creatures vanquished.

Vanquished Creatures (others)
  A dancing weapon (Elf:1)
  8 fungi
  57 plants
  6 starspawn tentacles (Abyss:2)
  7 tentacles
  5 withered plants
84 creatures vanquished.

Grand Total: 1306 creatures vanquished

Notes
Turn   | Place    | Note
-------+----------+-------------------------------------------
     0 | D:1      | jejorda2 the Merfolk Berserker began the quest for the Orb.
     0 | D:1      | Reached XP level 1. HP: 18/18 MP: 1/1
   165 | D:1      | Reached XP level 2. HP: 24/24 MP: 2/2
   538 | D:1      | Found a faded altar of an unknown god.
   696 | D:2      | Reached XP level 3. HP: 24/29 MP: 3/3
  1776 | D:3      | Reached XP level 4. HP: 33/37 MP: 4/4
  1798 | D:3      | Found a broken altar of Ashenzari.
  1798 | D:3      | Found a bloodstained altar of Trog.
  1831 | D:3      | Reached ** piety under Trog
  2396 | D:3      | Found a sparkling altar of Nemelex Xobeh.
  2557 | D:3      | Reached skill level 5 in Polearms
  2774 | D:4      | Reached XP level 5. HP: 42/42 MP: 5/5
  3001 | D:4      | Reached XP level 6. HP: 35/49 MP: 6/6
  3177 | D:4      | Noticed Eustachio
  3224 | D:4      | Killed Eustachio
  3309 | D:4      | Reached skill level 6 in Polearms
  3328 | D:4      | Reached skill level 5 in Fighting
  3328 | D:4      | Reached XP level 7. HP: 35/56 MP: 7/7
  3871 | D:5      | Entered Level 5 of the Dungeon
  3893 | D:5      | Found a staircase to the Ecumenical Temple.
  3893 | D:5      | Noticed Dowan
  3893 | D:5      | Noticed Duvessa
  3994 | D:5      | Killed Duvessa
  3998 | D:5      | Killed Dowan
  4032 | D:5      | Noticed a hornet
  4045 | D:4      | Paralysed by a hornet for 1 turns
  4049 | D:4      | Killed a hornet
  4050 | D:4      | Reached skill level 7 in Polearms
  4050 | D:4      | Reached skill level 5 in Armour
  4050 | D:4      | Reached XP level 8. HP: 10/64 MP: 8/8
  4597 | D:5      | Reached skill level 1 in Evocations
  4714 | D:6      | Found a snail-covered altar of Cheibriados.
  4718 | D:6      | Identified a scroll of acquirement
  4718 | D:6      | Acquired 774 gold pieces
  4942 | D:6      | Reached skill level 16 in Polearms
  4942 | D:6      | Reached XP level 9. HP: 52/69 MP: 9/9
  5093 | D:6      | Noticed a two-headed ogre
  5103 | D:6      | Killed a two-headed ogre
  5104 | D:6      | Reached skill level 17 in Polearms
  5654 | D:7      | Reached XP level 10. HP: 76/76 MP: 10/10
  5881 | D:7      | Noticed a cyclops
  5895 | D:7      | Killed a cyclops
  5978 | D:7      | Identified the amulet of Lach {rF+++ Regen+ Int+6 Dex-3
                  | SInv}
  6005 | D:7      | Found the brooch of Shielding {Spirit SH+8}
  6005 | D:7      | Noticed a manticore
  6005 | D:7      | Noticed a cyclops
  6005 | D:7      | Noticed a kobold demonologist
  6047 | D:7      | Noticed an orange demon
  6055 | D:7      | Killed a manticore
  6056 | D:7      | Reached skill level 5 in Evocations
  6060 | D:7      | Killed a kobold demonologist
  6061 | D:7      | Reached skill level 18 in Polearms
  6105 | D:7      | Killed a cyclops
  6117 | D:7      | Reached *** piety under Trog
  6124 | D:7      | Identified the amulet "Gaophevve" {rPois Will+ Regen+}
  6145 | D:7      | Identified the +3 glaive of Kaehisui {pain, rC+}
  6292 | D:7      | Reached XP level 11. HP: 81/81 MP: 11/11
  6349 | D:7      | Noticed a +0 hand axe
  6349 | D:7      | Noticed a +0 dagger
  6350 | D:7      | Found a hide-covered altar of Uskayaw.
  6389 | D:7      | Found a white marble altar of Elyvilon.
  6890 | D:8      | Reached **** piety under Trog
  7080 | D:8      | Found a runed translucent door.
  7081 | D:8      | Noticed avis's ghost (novice DgIE)
  7166 | D:8      | Reached skill level 1 in Throwing
  7676 | D:9      | Reached skill level 19 in Polearms
  7986 | D:9      | Found a staircase to the Lair.
  8151 | D:9      | Found Voduamadgh's Magic Scroll Shop.
  8158 | D:9      | Bought a scroll of brand weapon for 133 gold pieces
  8664 | D:10     | Entered Level 10 of the Dungeon
  8854 | D:10     | Noticed a two-headed ogre
  8861 | D:10     | Killed a two-headed ogre
  8896 | D:10     | Noticed a two-headed ogre
  8908 | D:10     | Killed a two-headed ogre
  9083 | D:10     | Noticed Joseph
  9090 | D:10     | Killed Joseph
  9090 | D:10     | Reached ***** piety under Trog
  9112 | D:10     | Noticed Snorg
  9123 | D:10     | Killed Snorg
  9124 | D:10     | Reached XP level 12. HP: 92/92 MP: 12/12
  9208 | D:10     | Found a basalt altar of Yredelemnul.
  9350 | D:10     | Noticed a six-headed hydra
  9366 | D:10     | Killed a six-headed hydra
  9470 | D:10     | Found Gaceelel's Armour Shoppe.
  9479 | D:10     | Bought the +8 chain mail "Iptyi" {rPois rF+ Slay+4} for
                  | 1192 gold pieces
  9479 | D:10     | Bought a +0 pair of boots for 67 gold pieces
  9695 | D:11     | Acquired the +10 glaive "Edoetzon" {holy, rElec Str+3}
  9743 | D:11     | Found a frozen archway.
  9754 | D:11     | Reached skill level 5 in Throwing
  9756 | D:11     | Reached skill level 20 in Polearms
  9770 | D:11     | Noticed a boulder beetle
  9781 | D:11     | Received a gift from Trog
  9795 | D:11     | Killed a boulder beetle
  9873 | IceCv    | Entered an ice cave
  9929 | IceCv    | Found a transporter.
  9947 | IceCv    | Found a transporter.
 10624 | D:11     | Noticed a two-headed ogre
 10631 | D:11     | Killed a two-headed ogre
 10698 | D:11     | You fall into a shaft and drop 3 floors!
 10718 | D:13     | Reached skill level 10 in Fighting
 10825 | D:12     | Reached XP level 13. HP: 104/104 MP: 13/13
 10975 | D:11     | Identified the +0 ring mail of a Gauntlet {+Blink +Inv
                  | Str+4 Dex+3}
 11086 | D:11     | Found a staircase to the Orcish Mines.
 11236 | Lair:1   | Entered Level 1 of the Lair of Beasts
 12771 | Lair:3   | Reached skill level 10 in Throwing
 13087 | Lair:3   | Found a staircase to the Shoals.
 13216 | Lair:3   | Found a hole to the Spider Nest.
 13493 | Lair:4   | Found a staircase to the Slime Pits.
 13548 | Lair:4   | Reached XP level 14. HP: 115/115 MP: 14/14
 14075 | Lair:4   | Identified the +2 great mace "Trog's Righteous Anger"
                  | {venom, rElec rPois}
 14338 | Lair:5   | Entered Level 5 of the Lair of Beasts
 14688 | Lair:5   | Received a gift from Trog
 15814 | D:12     | Found a runed translucent door.
 15829 | D:12     | Found a runed translucent door.
 15845 | D:12     | Found a runed translucent door.
 15856 | D:12     | Found a runed translucent door.
 16867 | D:13     | Reached XP level 15. HP: 98/123 MP: 15/15
 17538 | D:14     | Reached skill level 10 in Armour
 17950 | D:14     | Identified the +2 robe of Proximity {Str+3}
 17954 | D:14     | Found a gate to the Vaults.
 18197 | D:15     | Entered Level 15 of the Dungeon
 18524 | D:15     | Identified the +6 glaive of the Gloaming {flame, rF+ Dex+3}
                  | (Trog gifted it to you on level 15 of the Dungeon)
 18524 | D:15     | Received a gift from Trog
 19172 | D:15     | Found a staircase to the Depths.
 19559 | Orc:1    | Entered Level 1 of the Orcish Mines
 19794 | Orc:2    | Entered Level 2 of the Orcish Mines
 20012 | Orc:2    | Reached skill level 21 in Polearms
 20024 | Orc:2    | Noticed Jorgrun
 20095 | Orc:1    | Killed Jorgrun
 20376 | Orc:2    | Paralysed by an orc sorcerer for 2 turns
 20591 | Orc:2    | Found a staircase to the Elven Halls.
 20915 | Orc:2    | Reached XP level 16. HP: 130/130 MP: 16/16
 20968 | Orc:2    | Found Qoutetel's General Store.
 20968 | Orc:2    | Found Piweaptu's General Store.
 20969 | Orc:2    | Found Yfainus's General Store.
 20969 | Orc:2    | Found Bitzur's Distillery.
 21183 | Orc:2    | Bought the +0 cloak of Asev {Rampage} for 184 gold pieces
 21183 | Orc:2    | Bought a +0 pair of gloves for 72 gold pieces
 21210 | Orc:2    | Bought a tin of tremorstones (2/2) for 520 gold pieces
 21449 | Spider:1 | Entered Level 1 of the Spider Nest
 22421 | Spider:1 | Reached skill level 22 in Polearms
 23553 | Spider:2 | Received a gift from Trog
 23952 | Spider:2 | Reached skill level 15 in Throwing
 24615 | Spider:2 | Reached skill level 23 in Polearms
 25167 | Spider:3 | Reached XP level 17. HP: 55/140 MP: 17/17
 25698 | Spider:3 | Received a gift from Trog
 25983 | Spider:3 | Noticed Mlioglotl
 25990 | Spider:3 | Killed Mlioglotl
 26365 | Spider:4 | Entered Level 4 of the Spider Nest
 26715 | Spider:4 | Reached skill level 24 in Polearms
 27479 | Spider:4 | Got a gossamer rune of Zot
 27674 | Shoals:1 | Entered Level 1 of the Shoals
 28006 | Shoals:1 | Reached skill level 15 in Fighting
 28229 | Shoals:1 | Reached ****** piety under Trog
 28307 | Shoals:1 | Noticed a kraken
 28320 | Shoals:1 | Killed a kraken
 28321 | Shoals:1 | Reached skill level 5 in Dodging
 28492 | Shoals:1 | Received a gift from Trog
 28530 | Shoals:2 | Reached XP level 18. HP: 143/149 MP: 18/18
 28793 | Shoals:2 | Noticed Nikola
 28805 | Shoals:2 | Killed Nikola
 28846 | Shoals:2 | Noticed Donald
 28877 | Shoals:1 | Killed Donald
 29615 | Shoals:3 | Received a gift from Trog
 30498 | Shoals:4 | Entered Level 4 of the Shoals
 30757 | Shoals:4 | Received a gift from Trog
 30818 | Shoals:4 | Reached XP level 19. HP: 132/157 MP: 19/19
 30879 | Shoals:4 | Reached skill level 10 in Dodging
 31195 | Shoals:4 | Got a barnacled rune of Zot
 31824 | Elf:1    | Entered Level 1 of the Elven Halls
 32225 | Elf:1    | Received a gift from Trog
 32438 | Elf:1    | Noticed Louise
 32448 | Elf:1    | Killed Louise
 32556 | Elf:1    | Received a gift from Trog
 33409 | Elf:2    | Found Buumoolak's Distillery.
 33724 | Elf:2    | Found a runed translucent gate.
 33725 | Elf:2    | Found a runed translucent gate.
 33725 | Elf:2    | Found a runed translucent gate.
 33850 | Elf:2    | Received a gift from Trog
 34309 | Elf:2    | Reached XP level 20. HP: 163/168 MP: 20/20
 34876 | Elf:3    | Entered Level 3 of the Elven Halls
 34982 | Elf:3    | Paralysed by an air elemental for 1 turns
 35030 | Elf:3    | Found Cuoxzec's Jewellery Shoppe.
 35031 | Elf:3    | Found Ahuim's General Store.
 35032 | Elf:3    | Found Qonteniog's Weapon Shoppe.
 35032 | Elf:3    | Found Upatoc's Magic Scroll Shop.
 35208 | Elf:3    | Received a gift from Trog
 35522 | Elf:3    | Paralysed by an air elemental for 1 turns
 35813 | Abyss:2  | Cast into level 2 of the Abyss (a deep elf sorcerer)
 35891 | Abyss:2  | Noticed a bone dragon
 35908 | Abyss:2  | Killed a bone dragon
 36063 | Abyss:2  | Slain by a fenstrider witch simulacrum

Illustrated notes

Levels and vault maps discovered:
D:1:      onia_arrival_pyramid, layout_loops_ring,
          shapermc_ecumenical_altar_flowoftime
D:2:      layout_basic, serial_co_window_serial, co_window_paths_a,
          co_window_paths_b, co_window_paths_b, co_window_paths_a,
          co_window_paths_a, co_window_of_opportunity_c, co_window_paths_c,
          co_window_corner_b, co_window_4corner_a, co_window_sun,
          glass_columns_a, glass_columns_a
D:3:      layout_basic, grunt_temple_overflow_open,
          lemuel_coloured_pillars_altar, supply_closet_lemuel
D:4:      layout_basic, uniq_eustachio
D:5:      layout_rooms, minmay_temple_entry_water_ring, uniq_duvessa
D:6:      layout_loops_ring, cheibriados_altar_1, serial_glass, glass_columns_a,
          glass_columns_a, glass_columns_c, glass_columns_c, glass_columns_a,
          glass_columns_a, due_unseen_surprise
D:7:      minmay_the_grid_square_5x5_3x3 [minmay_the_grid_square_5x5_comb,
          minmay_the_grid_square_5x5_pentomino_r,
          minmay_the_grid_square_5x5_dogpile, minmay_the_grid_square_5x5_lines,
          minmay_the_grid_square_5x5_megaprize_open,
          minmay_the_grid_square_5x5_minibox,
          minmay_the_grid_square_5x5_tri_point,
          minmay_the_grid_square_5x5_doubleslash,
          minmay_the_grid_square_5x5_sharp_hourglass], layout_loops_ring,
          dancing_weapons_uskayaw, elyvilon_altar_3
D:8:      layout_basic, gammafunk_ghost_grave
D:9:      layout_cave_pods, erik_lair_island, serial_shops, shop, eino_jars
D:10:     layout_basic, general_overflow_altar, serial_shops,
          nicolae_shop_statue_plus, uniq_joseph, uniq_snorg
D:11:     layout_basic, erik_orc_2, portal_ice_cave_entry_pillars_1
D:12:     layout_cave_pods, minmay_misc_feat_plants, minmay_statue_crystal_thing
D:13:     layout_basic, kennysheep_dice
D:14:     layout_cave_pools, david_vaults_4, st_stairs_5
D:15:     grunt_enter_depths_hoard, layout_grid_maze, minivault_19
Lair:1:   wad_woods_tower, layout_gridlike, grunt_megastairs_4
Lair:2:   layout_hall_layers
Lair:3:   layout_long_grid, elwin_shoals_entry_rocks,
          hellmonk_spider_entry_life_and_decay
Lair:4:   nzn_winding_woodlands_small [nzn_winding_woodlands_5x15_zeroes,
          nzn_winding_woodlands_center_garden, nzn_winding_woodlands_5x15_pool],
          layout_misc_corridors, slime_entry_1, grunt_megastairs_1
Lair:5:   gammafunk_lair_ancient_temple, layout_gridlike
Shoals:1: layout_shoals
Shoals:2: layout_shoals, uniq_donald, uniq_nikola
Shoals:3: cheibrodos_shoals_three_sisters, layout_shoals
Shoals:4: shoals_end_hellmonk_lost_city
Spider:1: layout_chambers, nicolae_spider_not_touching_you
Spider:2: layout_spider_delve
Spider:3: layout_spider_delve, hellmonk_spider_spawner, uniq_mlioglotl
Spider:4: hellmonk_spider_rune_bug_friends
Orc:1:    layout_caves, nicolae_orc_damp_corner, uniq_erica
Orc:2:    st_orc_elflike, layout_diamond_mine, uniq_jorgrun
Elf:1:    layout_onion_city, minmay_elf_annihilation, minivault_24,
          onia_ninara_cookie, uniq_louise
Elf:2:    nicolae_elf_blades_crystal_corner, layout_geoelf_grid, special_room
          [special_room_mythical_zoo], serial_shops, nicolae_shop_trees,
          hex_large
Elf:3:    minmay_elf_hall_four_x, layout_gridlike, nicolae_wooded_promenade,
          nicolae_elf_theology_debate, grunt_megastairs_5
Abyss:2:  base: D:6, base:
Depths:4

Skill      XL: |  1  2  3  4  5  6  7  8  9 10 11 12 13 14 15 16 17 18 19 20 |
---------------+-------------------------------------------------------------+-----
Armour         | 2 3 4 5 6 7 9 10 12 14 | 14.7
Fighting       | 4 5 6 7 10 12 13 14 15 17 18 | 18.6
Polearms       | 5 6 7 16 17 18 19 20 21 23 24 | 24.0
Evocations     | 1 2 5 6 9 |  9.0
Throwing       | 4 8 10 12 13 15 16 | 16.0
Dodging        | 5 9 12 | 12.7

Action                     |  1- 3 |  4- 6 |  7- 9 | 10-12 | 13-15 | 16-18 | 19-21 || total
---------------------------+-------+-------+-------+-------+-------+-------+-------++-------
  Melee: Spear             |   169 |    55 |       |       |       |       |       ||   224
         Trident           |       |    93 |    97 |     8 |    14 |       |       ||   212
         Punch             |       |     3 |     1 |       |       |       |       ||     4
         Halberd           |       |       |    66 |   511 |       |       |       ||   577
         Tailslap          |       |       |       |     4 |     4 |    29 |    12 ||    49
         Glaive            |       |       |       |   162 |   857 |  1217 |   495 ||  2731
         Bardiche          |       |       |       |       |     2 |     9 |   322 ||   333
  Throw: Stone             |       |     4 |    13 |    35 |       |       |       ||    52
         Javelin           |       |       |       |     2 |       |    14 |       ||    16
         Dart              |       |       |       |     1 |   137 |   103 |       ||   241
         Boomerang         |       |       |       |       |     8 |    15 |    43 ||    66
         Throwing net      |       |       |       |       |     1 |     1 |     2 ||     4
 Invoke: Berserk           |     1 |     5 |     4 |    11 |    10 |    16 |     6 ||    53
         Trog's Hand       |       |     1 |     4 |     4 |     7 |     8 |     7 ||    31
         Brothers in Arms  |       |       |       |       |     1 |     1 |     1 ||     3
  Evoke: Wand              |       |     2 |     1 |     3 |       |       |       ||     6
         Phial of floods   |       |       |       |       |     1 |     1 |       ||     2
         Condenser vane    |       |       |       |       |       |     2 |       ||     2
         Tin of tremorston |       |       |       |       |       |     2 |       ||     2
    Use: Potion            |       |       |     4 |     1 |     1 |     1 |     4 ||    11
         Scroll            |       |       |    18 |     9 |     4 |     3 |     4 ||    38
   Stab: Sleeping          |     2 |       |       |       |       |       |       ||     2
         Paralysed         |       |     3 |     3 |     1 |       |       |       ||     7
         Distracted        |       |       |       |       |       |     1 |       ||     1
 Armour: Animal skin       |     3 |       |       |       |       |       |       ||     3
         Scale mail        |    15 |    10 |       |       |       |       |       ||    25
         Ring mail         |     9 |       |       |       |       |       |       ||     9
         Chain mail        |       |    68 |    91 |   164 |   409 |   993 |   655 ||  2380
  Dodge: Dodged            |    50 |    62 |    62 |   302 |   195 |   545 |   466 ||  1682

Table legend: (Time is in decaauts)
 A = Elapsed time spent in this place.
 B = Non-inter-level travel time spent in this place.
 C = Inter-level travel time spent in this place.
 D = Time resting spent in this place.
 E = Time spent auto-exploring this place.
 F = Levels seen in this place.
 G = Mean time per level.
                   A        B        C        D        E       F      G
               +--------+--------+--------+--------+--------+-----+--------+
         Total |  34688 |  32511 |   2177 |   4596 |  20990 |  35 |  991.1 |
       Dungeon |  14989 |  14066 |    923 |   1151 |  10216 |  15 |  999.3 |
          Lair |   4506 |   4093 |    413 |    490 |   2866 |   5 |  901.2 |
        Shoals |   3166 |   2944 |    222 |    301 |   1745 |   4 |  791.5 |
   Spider Nest |   5970 |   5666 |    304 |   1347 |   3207 |   4 | 1492.5 |
  Orcish Mines |   1731 |   1561 |    170 |    526 |    693 |   2 |  865.5 |
   Elven Halls |   3842 |   3700 |    142 |    625 |   2147 |   3 | 1280.7 |
         Abyss |    224 |    224 |      0 |     20 |    112 |   1 |  224.0 |
      Ice Cave |    256 |    256 |      0 |    134 |      2 |   1 |  256.0 |
               +--------+--------+--------+--------+--------+-----+--------+

Top non-repeatable levels by time:
Spider:1: 1700 daAuts
Spider:3: 1676 daAuts
Spider:2: 1644 daAuts
   Elf:2: 1499 daAuts
     D:4: 1498 daAuts
   Elf:1: 1454 daAuts
    D:15: 1191 daAuts
     D:9: 1187 daAuts
     D:7: 1163 daAuts
  Lair:3: 1152 daAuts
    D:11: 1143 daAuts
     D:3: 1072 daAuts
    D:12: 1071 daAuts
    D:10: 1066 daAuts
   Orc:2: 1055 daAuts
